 Dungeon Crawl Stone Soup version 0.20.1-1-g8b1a95d (webtiles) character file.

46 pstr the Conjurer (level 3, -1/19 HPs)
             Began as a Kobold Conjurer on Oct 31, 2017.
             Killed from afar by Natasha (10 damage)
             ... with a magic dart
             ... on level 2 of the Dungeon.
             The game lasted 00:06:12 (2390 turns).

pstr the Conjurer (Kobold Conjurer)                 Turns: 2390, Time: 00:06:13

Health: -1/19      AC:  2    Str:  5    XL:     3   Next: 92%
Magic:  1/6        EV: 16    Int: 17    God:
Gold:   105        SH:  0    Dex: 15    Spells: 4/7 levels left

rFire    . . .     SeeInvis .   g - +0 short sword
rCold    . . .     Gourm    .   (shield restricted)
rNeg     . . .     Faith    .   a - +0 robe
rPois    .         Spirit   .   (no helmet)
rElec    .         Reflect  .   (no cloak)
rCorr    .         Harm     .   (no gloves)
MR       .....                  (no boots)
Stlth    ++........             (no amulet)
Regen    0.1/turn               (no ring)
MPRegen  0.1/turn               (no ring)

@: slowed, very slow
A: carnivore 3
a: no special abilities


You were on level 2 of the Dungeon.
You were very full.

You visited 1 branch of the dungeon, and saw 3 of its levels.

You collected 105 gold pieces.

Inventory:

Hand Weapons
 g - a +0 short sword (weapon)
Missiles
 l - 6 stones (quivered)
Armour
 a - a +0 robe (worn)
Scrolls
 d - a scroll of random uselessness {unknown}
 e - 3 scrolls of identify {unknown}
 h - a scroll of teleportation {unknown}
 i - a scroll of magic mapping {unknown}
 j - a scroll of fog {unknown}
 k - a scroll of remove curse {unknown}
 o - a scroll of blinking {unknown}
 q - a scroll of enchant weapon {unknown}
Potions
 f - a potion of lignification
 m - a potion of curing {unknown}
Books
 b - a book of Conjurations

   Spells                             Type                      Level
   a - Magic Dart                     Conjuration                  1
   b - Searing Ray                    Conjuration                  2
   c - Dazzling Spray                 Conjuration/Hexes            3
   d - Fulminant Prism                Conjuration/Hexes            4
   e - Force Lance                    Conjuration/Translocation    4
   f - Iskenderun's Mystic Blast      Conjuration                  4
Comestibles
 c - a meat ration
 n - a royal jelly
 p - 4 chunks of flesh


   Skills:
 + Level 0.6 Short Blades
 + Level 3.0 Dodging
 + Level 2.8 Stealth
 + Level 2.5 Spellcasting
 + Level 4.6 Conjurations


You had 4 spell levels left.
You knew the following spells:

 Your Spells              Type           Power        Failure   Level  Hunger
a - Magic Dart            Conj           ###.         2%          1    #......
b - Searing Ray           Conj           ###...       4%          2    ##.....


Dungeon Overview and Level Annotations

Branches:
Dungeon (3/15)

Altars:
Makhleb

Annotations:
D:2 Natasha


Innate Abilities, Weirdness & Mutations

You are small and have problems with some larger weapons.
You are carnivorous and can eat meat at any time.


Message History

The crimson imp barely misses you.
Without enough magic to sustain it, your searing ray dissipates.
Natasha completely misses you.
The crimson imp blinks!
Natasha casts a spell at you. The magic dart hits you!
Ouch! That really hurt!
Natasha claws you.
There is a stone staircase leading up here.
Natasha stares at you and mumbles some strange words.
You feel yourself slow down.
You climb upwards.
The crimson imp disappears in a puff of smoke!
There is a stone staircase leading down here.
Natasha mewls in sadness.
Natasha stares at you and mumbles some strange words.
You feel as though you will be slow longer.
Natasha casts a spell at you. The magic dart hits you!
Ouch! That really hurt!
You die...

##########
.........###############
.......#........@.h>...#
#####.################.#
#.# #.# #.# #.# #.# #.#
### #%# #.# ..###.#
#.#### #.....# #....#
####..# #.##.#


You could see Natasha.

Vanquished Creatures
  An adder (D:2)
  A worm (D:2)
  2 dart slugs (D:2)
  A leopard gecko (D:2)
  4 bats (D:2)
  A giant cockroach (D:2)
  4 goblins
  4 hobgoblins
  A ball python (D:1)
  5 kobolds
  7 rats
31 creatures vanquished.

Notes
Turn   | Place    | Note
-------+----------+-------------------------------------------
     0 | D:1      | pstr the Kobold Conjurer began the quest for the Orb.
     0 | D:1      | Reached XP level 1. HP: 10/10 MP: 3/3
   365 | D:1      | Reached XP level 2. HP: 15/15 MP: 1/5
   369 | D:1      | Learned a level 2 spell: Searing Ray
  1549 | D:2      | Reached XP level 3. HP: 18/19 MP: 2/6
  2159 | D:2      | Found a burning altar of Makhleb.
  2377 | D:3      | Noticed Natasha
  2390 | D:2      | Killed from afar by Natasha

Skill      XL: |  1  2  3 |
---------------+----------+-----
Dodging        | 3 |  3.0
Short Blades   | |  0.6
Stealth        | |  2.8
Spellcasting   | |  2.5
Conjurations   | |  4.6

Action                   || total
-------------------------++-------
Melee: Unarmed           ||     1
       Short sword       ||    18
 Cast: Magic Dart        ||    14
       Searing Ray       ||    29
  Use: Potion            ||     3
  Eat: Chunk             ||    14
Armor: Robe              ||    10
Dodge: Dodged            ||    33
